 Dungeon Crawl Stone Soup version 0.27.1-33-g824d729ab1 (webtiles) character file.

Game seed: 9181532771152123670

11 sking99 the Caller (level 2, -15/15 HPs)
             Began as a Deep Elf Summoner on Dec 10, 2021.
             Killed by an exploding rat (22 damage)
             ... ignited by their inner flame
             ... on level 3 of the Dungeon.
             The game lasted 00:03:28 (1189 turns).

sking99 the Caller (Deep Elf Summoner)              Turns: 1189, Time: 00:03:28

Health: -15/15     AC:  3    Str:  5    XL:     2   Next: 13%
Magic:  8/8        EV: 12    Int: 19    God:
Gold:   39         SH:  0    Dex: 15    Spells: 6/7 levels left

rFire    . . .     SeeInvis .   d - +0 dagger (venom)
rCold    . . .     Faith    .   (no shield)
rNeg     . . .     Spirit   .   a - +0 robe
rPois    .         Reflect  .   (no helmet)
rElec    .         Harm     .   (no cloak)
rCorr    .         Rampage  .   e - +0 pair of gloves
Will     .....                  (no boots)
Stlth    ++........             (no amulet)
HPRegen  0.05/turn              (no ring)
MPRegen  0.11/turn              (no ring)

@: no status effects
A: no striking features
a: no special abilities


You were on level 3 of the Dungeon.
You visited 1 branch of the dungeon, and saw 3 of its levels.

You collected 39 gold pieces.

Inventory:

Hand Weapons
 d - a +0 dagger of venom (weapon)
Armour
 a - a +0 robe (worn)
 c - a +2 tower shield
 e - a +0 pair of gloves (worn)
Potions
 g - a potion of curing {unknown}


   Skills:
 + Level 0.1 Fighting
 - Level 2.4 Dodging
 - Level 2.4 Stealth
 + Level 3.3 Spellcasting
 * Level 4.7 Summonings


You had 6 spell levels left.
You knew the following spells:

 Your Spells              Type           Power      Damage    Failure   Level
a - Summon Small Mammal   Summ           84%        N/A       1%          1

Your spell library contained the following spells:

 Spells                   Type           Power      Damage    Failure   Level
 Call Imp                 Summ           21%        N/A       3%          2
 Call Canine Familiar     Summ           21%        N/A       6%          3
 Summon Guardian Golem    Hex/Summ       12%        N/A       17%         3
 Summon Lightning Spire   Summ/Air       12%        N/A       50%         4


Dungeon Overview and Level Annotations

Branches:
Dungeon (2/15)

Altars:

Annotations:
D:3 Sigmund


Message History

Sigmund flickers and vanishes!
Deactivating autopickup; reactivate with Ctrl-A.
A hobgoblin comes into view.
The hobgoblin shouts!
You hear a shout!
The bat completely misses you. The bat barely misses you.
The orc shouts!
The bat hits you but does no damage.
As you read the scroll labelled UZIULE IJYSH, it crumbles to dust.
The creatures around you are filled with an inner flame!
It was a scroll of immolation.
The bat barely misses you. The hobgoblin hits you.
As you read the scroll labelled MIG KOSIV LAOKEU, it crumbles to dust.
It is a scroll of brand weapon.
Your +0 dagger drips with poison.
d - a +0 dagger of venom (weapon)
The adder misses you. The bat barely misses you. The orc barely misses you.
The hobgoblin barely misses you. The bat hits you but does no damage.
The orc barely misses you.
Found 19 bolts.
The bat hits you but does no damage.
The orc hits you from afar with a +0 trident.
You closely miss the bat. The bat misses you. The adder misses you.
The orc misses you. The adder barely misses you. The bat misses you.
The rat twitches its whiskers.
The rat barely misses you. The bat hits you but does no damage.
Found 14 gold pieces.
The bat hits you but does no damage.
You closely miss the bat. The bat hits you but does no damage.
The rat closely misses you.
You hit the rat.
Flame seeps out of the rat.
The rat is poisoned.
The rat is moderately wounded.
Flame seeps out of the rat.
The bat closely misses you.
The quokka twitches its whiskers.
The bat closely misses you.
The rat is engulfed in blazing flames.
The rat explodes!
The fiery explosion engulfs the giant cockroach!!
You kill the giant cockroach!
The fiery explosion engulfs you!!
Ouch! That really hurt!
You die...

#.# ##### ..
.$....####.####
......#(.......
......#........
...............#
.........b......#
...... #@§.....# #
...#.. ##○###.....##
..>...##§S#######..#.
.......grog..........
...##...#..........#
.......o...........#
...##.$g#####.######
......#.## #.#
....###..####.#


You could see a gnoll (wandering), an adder (inner flame), 2 orcs, a quokka, 2
hobgoblins and a bat (inner flame).

Vanquished Creatures
  2 bats (D:2)
  A giant cockroach (D:3)
  A rat (D:3)
4 creatures vanquished.

Vanquished Creatures (collateral kills)
  An endoplasm (D:1)
  A giant cockroach (D:1)
  2 goblins (D:1)
  A hobgoblin (D:1)
  2 jackals (D:1)
  A kobold (D:1)
  A ball python (D:1)
  A bat (D:1)
  A rat (D:1)
11 creatures vanquished.

Grand Total: 15 creatures vanquished

Notes
Turn   | Place    | Note
-------+----------+-------------------------------------------
     0 | D:1      | sking99 the Deep Elf Summoner began the quest for the Orb.
     0 | D:1      | Reached XP level 1. HP: 10/10 MP: 6/6
    41 | D:1      | Found a faded altar of an unknown god.
   945 | D:1      | Reached XP level 2. HP: 15/15 MP: 6/8
  1154 | D:2      | You fall into a shaft and drop 1 floor!
  1166 | D:3      | Noticed Sigmund
  1189 | D:3      | Killed by an exploding rat... ignited by their inner flame

Illustrated notes

Levels and vault maps discovered:
D:1:      minmay_arrival_loop, layout_rooms, ebering_ecumenical_altar_box
D:2:      layout_loops_cross
D:3:      layout_rooms, serial_shops, shop_coins, kennysheep_nub, uniq_sigmund

Action                   || total
-------------------------++-------
Melee: Dagger            ||    32
 Cast: Summon Small Mamm ||    25
  Use: Scroll            ||     2
 Stab: Sleeping          ||     1
Armor: Robe              ||    24
Dodge: Dodged            ||    57
